 Dungeon Crawl Stone Soup version 0.26-a0-215-g1b87330c0f (webtiles) character file.

Game seed: 1113408968908476570

39 BritishOli the Slasher (level 3, 0/28 HPs)
             Began as a Demonspawn Gladiator on July 6, 2020.
             Succumbed to a goblin's poison
             ... on level 1 of the Dungeon.
             The game lasted 00:00:38 (971 turns).

BritishOli the Slasher (Demonspawn Gladiator)        Turns: 971, Time: 00:00:39

Health: 0/28       AC:  4    Str: 15    XL:     3   Next: 26%
Magic:  3/3        EV: 13    Int:  9    God:
Gold:   23         SH:  0    Dex: 14    Spells: 2/2 levels left

rFire    + . .     SeeInvis .   a - +0 long sword
rCold    . . .     Faith    .   (no shield)
rNeg     . . .     Spirit   .   b - +0 leather armour
rPois    .         Reflect  .   c - +0 helmet
rElec    .         Harm     .   (no cloak)
rCorr    .                      (no gloves)
MR       .....                  (no boots)
Stlth    +.........             (no amulet)
HPRegen  0.09/turn              (no ring)
MPRegen  0.08/turn              (no ring)

@: lethally poisoned (0 -> -12), hasted, very quick
A: fire resistance 1, powered by pain 1
a: no special abilities


You were on level 1 of the Dungeon.
You were not hungry.

You visited 1 branch of the dungeon, and saw 1 of its levels.

You collected 23 gold pieces.

Inventory:

Hand Weapons
 a - a +0 long sword (weapon)
Missiles
 d - 3 throwing nets (quivered)
Armour
 b - a +0 leather armour (worn)
 c - a +0 helmet (worn)
Scrolls
 e - 2 scrolls of identify {unknown}
 g - 2 scrolls of remove curse {unknown}
 h - a scroll of teleportation {unknown}
Comestibles
 f - 3 rations


   Skills:
 + Level 2.4 Fighting
 + Level 3.0 Long Blades
 + Level 2.1 Throwing
 + Level 0.9 Armour
 + Level 3.0 Dodging


You had 2 spell levels left.
You didn't know any spells.
Your spell library was empty.

Dungeon Overview and Level Annotations

Branches:
Dungeon (1/15)

Altars:


Innate Abilities, Weirdness & Mutations

Your flesh is heat resistant. (rF+)
You sometimes gain a little power by taking damage.


Message History

* * * LOW HITPOINT WARNING * * *
The rat misses you.
You riposte.
You hit the rat.
The rat is severely wounded.
You slash the goblin!
You kill the goblin!
* * * LOW HITPOINT WARNING * * *
You feel sick. The rat bites you but does no damage.
* * * LOW HITPOINT WARNING * * *
You feel sick. The rat closely misses you.
You riposte.
You hit the rat.
You kill the rat!
Things that are here:
a +2 dagger of venom; a +0 club; a goblin corpse It was a potion of haste.
You feel yourself speed up.
* * * LOW HITPOINT WARNING * * *
You feel sick.
* * * LOW HITPOINT WARNING * * *
You feel sick.
* * * LOW HITPOINT WARNING * * *
You feel sick.
You die...

######.........
#.........##...
###.........##...
#.+.........'....
#####.#.........#####
#..........######
#..........#
##........†(#
#....@....).#
#.........(†#
#............#
#............#
#............#
#.......######
#.......# #.......#


There were no monsters in sight!

Vanquished Creatures
  A gnoll (D:1)
  A dart slug (D:1)
  A ball python (D:1)
  5 goblins (D:1)
  A hobgoblin (D:1)
  3 jackals (D:1)
  8 kobolds (D:1)
  2 bats (D:1)
  A rat (D:1)
23 creatures vanquished.

Notes
Turn   | Place    | Note
-------+----------+-------------------------------------------
     0 | D:1      | BritishOli the Demonspawn Gladiator began the quest for the
                  | Orb.
     0 | D:1      | Reached XP level 1. HP: 16/16 MP: 1/1
   314 | D:1      | Gained mutation: Your flesh is heat resistant. (rF+)
                  | [demonic ancestry]
   314 | D:1      | Reached XP level 2. HP: 17/22 MP: 2/2
   957 | D:1      | Gained mutation: You sometimes gain a little power by
                  | taking damage. [demonic ancestry]
   957 | D:1      | Reached XP level 3. HP: 23/28 MP: 3/3
   969 | D:1      | HP: 1/28 [poisoned by a goblin]
   971 | D:1      | Succumbed to a goblin's poison

Illustrated notes

Levels and vault maps discovered:
D:1:      dpeg_arrival_long_road, layout_basic, minmay_pentomino_p4

Skill      XL: |  1  2 |
---------------+-------+-----
Throwing       | 2 |  2.1
Long Blades    | 3 |  3.0
Dodging        | 3 |  3.0
Fighting       | |  2.4
Armour         | |  0.9

Action                   || total
-------------------------++-------
Melee: Long sword        ||    64
  Use: Potion            ||     1
Armor: Leather armour    ||    32
Dodge: Dodged            ||    86
       Rpst.: Long sword ||    26

Table legend:
 A = Non-vault XP
 B = Vault XP
 C = Vault XP percentage of total XP
 D = Non-vault monster count
 E = Vault monster count
 F = Vault count percentage of total count
                 A         B        C        D         E       F
            +---------+---------+-------+---------+---------+-------
      Total |      49 |       7 |  12.5 |      19 |       4 |  17.4
            +---------+---------+-------+---------+---------+-------
        D:1 |      49 |       7 |  12.5 |      19 |       4 |  17.4
            +---------+---------+-------+---------+---------+-------
